 Seeded DCSS version 0.30.0-10-gfe55d96785 (webtiles) character file.

Game seed: 16807595765908718764 (custom seed)

45 RascalDebosk the Magician (level 3, -2/26 HPs)
             Began as a Djinni Conjurer on May 13, 2023.
             Slain by an orc
             ... wielding a +0 short sword
              (3 damage)
             ... on level 3 of the Dungeon.
             The game lasted 00:10:08 (1176 turns).

RascalDebosk the Magician (Djinni Conjurer)         Turns: 1176, Time: 00:10:09

Health: -2/26      AC:  2    Str:  6    XL:     3   Next: 90%
Gold:   139        EV: 12    Int: 21    God:
                   SH:  0    Dex: 11

rFire   + + .        h - +2 short sword (drain)
rCold   x . .        (no shield)
rNeg    . . .        a - +0 robe
rPois   ∞            (no helmet)
rElec   .            (no cloak)
rCorr   .            (no gloves)
SInv    .            (boots unavailable)
Will    .....        (no amulet)
Stlth   ++           (no ring)
HPRegen 0.24/turn    (no ring)
MPRegen 0.00/turn

%: infuse magic (-3 HP)
@: flying, very slightly contaminated
A: sickness immunity, fire resistance 2, cold vulnerability 1, float, innate
caster, HP casting, extra vitality 1
a: no special abilities


You were on level 3 of the Dungeon.
You visited 1 branch of the dungeon, and saw 3 of its levels.

You collected 139 gold pieces.

Inventory:

Hand Weapons
 h - a +2 short sword of draining (weapon)
 s - a +0 dagger
Armour
 a - a +0 robe (worn)
Scrolls
 b - a scroll of noise {unknown}
 d - a scroll of vulnerability {unknown}
 f - 2 scrolls of teleportation {unknown}
 g - 3 scrolls of magic mapping {unknown}
 j - a scroll of poison {unknown}
 k - a scroll of summoning {unknown}
Potions
 c - a potion of brilliance {unknown}
 e - a potion of lignification {unknown}
 i - a potion of berserk rage {unknown}


   Skills:
 * Level 0.6 Fighting
 + Level 0.2 Armour
 - Level 2.1 Dodging
 - Level 1.5 Stealth
 * Level 4.0 Spellcasting
 + Level 0.3 Evocations


You knew the following spells:

 Your Spells              Type           Power      Damage    Failure   Level
a - Magic Dart            Conj           84%        1d7       2%          1
b - Searing Ray           Conj           42%        2d6       3%          2
c - Dazzling Flash        Conj/Hex       42%        N/A       7%          3
d - Fulminant Prism       Conj/Hex       10%        3d9       22%         4
e - Iskenderun's Mystic   Conj/Tloc      21%        2d6       22%         4
f - Slow                  Hex            84%        N/A       2%          1
Your spell library was empty.

Dungeon Overview and Level Annotations

Branches:
Dungeon (3/15)

Altars:

Shops:
D:2 (


Innate Abilities, Weirdness & Mutations

You are immune to sickness and miasma.
You are immune to poison.
Your flesh is very heat resistant. (rF++)
You are vulnerable to cold. (rC-)
You float through the air rather than walking.
You learn spells naturally, not from books.
Your magical power is your life essence.
You have superior vitality. (+4 MHP)


Message History

You puncture the goblin!
You kill the goblin!
Items here: ))) †.
Found an escape hatch in the floor.
There is an escape hatch in the floor here.
You hit the bush but do no damage.
HP restored.
There is an escape hatch in the floor here.
An orc priest comes into view. It is wielding a +0 hand axe.
Casting: Magic Dart (safe; 2% risk of failure)
Confirm with . or Enter, or press ? or * to list all spells.
Aiming: Magic Dart (safe; 2% risk of failure)
Press: ? - help, Shift-Dir - straight line, f - orc priest
Aim: an orc priest, wielding a +0 hand axe and wearing a +0 leather armour (asleep, 100% to hit)
The magic dart hits the orc priest but does no damage.
The orc priest shouts!
You hear a shout!
Casting: Magic Dart (safe; 2% risk of failure)
Confirm with . or Enter, or press ? or * to list all spells.
Aiming: Magic Dart (safe; 2% risk of failure)
Press: ? - help, Shift-Dir - straight line, f/p - orc priest
Aim: an orc priest, wielding a +0 hand axe and wearing a +0 leather armour (100% to hit)
The magic dart hits the orc priest.
The orc priest is moderately wounded.
Casting: Magic Dart (safe; 2% risk of failure)
Confirm with . or Enter, or press ? or * to list all spells.
Aiming: Magic Dart (safe; 2% risk of failure)
Press: ? - help, Shift-Dir - straight line, f/p - orc priest
Aim: an orc priest, wielding a +0 hand axe and wearing a +0 leather armour (moderately wounded, 100% to hit)
The magic dart hits the orc priest but does no damage.
The orc priest is moderately wounded.
An orc comes into view. It is wielding a +0 short sword.
Casting: Magic Dart (safe; 2% risk of failure)
Confirm with . or Enter, or press ? or * to list all spells.
Aiming: Magic Dart (safe; 2% risk of failure)
Press: ? - help, Shift-Dir - straight line, f/p - orc priest
Aim: an orc priest, wielding a +0 hand axe and wearing a +0 leather armour (moderately wounded, 100% to hit)
The magic dart hits the orc priest.
The orc priest is severely wounded.
Casting: Magic Dart (safe; 2% risk of failure)
Confirm with . or Enter, or press ? or * to list all spells.
Aiming: Magic Dart (safe; 2% risk of failure)
Press: ? - help, Shift-Dir - straight line, f/p - orc priest
Aim: an orc priest, wielding a +0 hand axe and wearing a +0 leather armour (severely wounded, 100% to hit)
The magic dart hits the orc priest.
The orc priest is almost dead.
The orc priest invokes the aid of Beogh against you.
Pain shoots through your body!
Ouch! That really hurt!
* * * LOW HITPOINT WARNING * * *
An orc comes into view. It is wielding a +0 war axe.
Casting: Magic Dart (safe; 2% risk of failure)
Confirm with . or Enter, or press ? or * to list all spells.
Aiming: Magic Dart (safe; 2% risk of failure)
Press: ? - help, Shift-Dir - straight line, f/p - orc priest
Aim: an orc priest, wielding a +0 hand axe and wearing a +0 leather armour (almost dead, 100% to hit)
You miscast Magic Dart.
You are very lightly contaminated with residual magic.
Nothing appears to happen.
* * * LOW HITPOINT WARNING * * *
Casting: Magic Dart (safe; 2% risk of failure)
Confirm with . or Enter, or press ? or * to list all spells.
Aiming: Magic Dart (safe; 2% risk of failure)
Press: ? - help, Shift-Dir - straight line, f/p - orc priest
Aim: an orc priest, wielding a +0 hand axe and wearing a +0 leather armour (almost dead, 100% to hit)
The magic dart hits the orc priest but does no damage.
The orc priest is almost dead.
* * * LOW HITPOINT WARNING * * *
Casting: Magic Dart (safe; 2% risk of failure)
Confirm with . or Enter, or press ? or * to list all spells.
Aiming: Magic Dart (safe; 2% risk of failure)
Press: ? - help, Shift-Dir - straight line, f/p - orc priest
Aim: an orc priest, wielding a +0 hand axe and wearing a +0 leather armour (almost dead, 100% to hit)
The magic dart hits the orc priest but does no damage.
The orc priest is almost dead.
* * * LOW HITPOINT WARNING * * *
The orc priest looks satisfied for a moment.
Casting: Magic Dart (safe; 2% risk of failure)
Confirm with . or Enter, or press ? or * to list all spells.
Aiming: Magic Dart (safe; 2% risk of failure)
Press: ? - help, Shift-Dir - straight line, f/p - orc priest
Aim: an orc priest, wielding a +0 hand axe and wearing a +0 leather armour (almost dead, 100% to hit)
The magic dart hits the orc priest.
The orc priest is almost dead.
* * * LOW HITPOINT WARNING * * *
The orc priest begins to cast a cantrip, but forgets the words!
Casting: Magic Dart (safe; 2% risk of failure)
Confirm with . or Enter, or press ? or * to list all spells.
Aiming: Magic Dart (safe; 2% risk of failure)
Press: ? - help, Shift-Dir - straight line, f/p - orc priest
Aim: an orc priest, wielding a +0 hand axe and wearing a +0 leather armour (almost dead, 100% to hit)
The magic dart hits the orc priest but does no damage.
The orc priest is almost dead.
* * * LOW HITPOINT WARNING * * *
The orc priest hits you with a +0 hand axe.
* * * LOW HITPOINT WARNING * * *
Unknown command.
Unknown command.
Unknown command.
The orc hits you with a +0 short sword.
You die...

#.# #.# #.# #.# #.# #.#
##.####################
#..............oo......
#............>@.o....#
##.######♣..♣#######.#
#.# ♣♣♣.♣ #.# ♣♣P♣...♣
#.# ♣..P..P♣ #.#
♣..PP♣♣♣ #. ♣P..♣♣ ♣.P
♣.


You could see an orc priest and 2 orcs.

Vanquished Creatures
  Robin (D:3)
  4 endoplasms
  3 giant cockroaches
  13 goblins
  3 bats
  2 frilled lizards
  2 kobolds
  2 rats (D:1)
30 creatures vanquished.

Notes
Turn   | Place    | Note
-------+----------+-------------------------------------------
     0 | D:1      | RascalDebosk the Djinni Conjurer began the quest for the
                  | Orb.
     0 | D:1      | RascalDebosk set off with the following spells memorised:
                  | Magic Dart, Searing Ray, Dazzling Flash, Fulminant Prism,
                  | Iskenderun's Mystic Blast.
     0 | D:1      | Reached XP level 1. HP: 15/15 MP: 0/0
   128 | D:1      | Reached XP level 2. HP: 18/21 MP: 0/0
   748 | D:2      | Found Emafad's Weapon Emporium.
   775 | D:2      | Reached XP level 3. HP: 21/25 MP: 0/0
   775 | D:2      | Learned a level 1 spell: Slow
   979 | D:3      | Noticed Robin
  1087 | D:3      | Reached skill level 4 in Spellcasting
  1094 | D:3      | Killed Robin
  1175 | D:3      | HP: 1/26 [orc priest/+0 hand axe (4)]
  1176 | D:3      | Slain by an orc

Illustrated notes

Levels and vault maps discovered:
D:1:      dpeg_arrival_tiny_g, layout_basic, amcnicky_mini_rare_corridor_liquid
D:2:      layout_basic, serial_shops, shop, minmay_misc_feat_square
D:3:      layout_basic, trog_butcher_becter, serial_forest,
          infiniplex_forest_fountain, infiniplex_forest_lined_room_,
          infiniplex_forest_end_double, infiniplex_forest_diagonal,
          infiniplex_forest_clump_cross, infiniplex_forest_lined_2,
          infiniplex_forest_lined_corner, uniq_robin

Skill      XL: |  1  2  3 |
---------------+----------+-----
Spellcasting   | 4 |  4.0
Fighting       | |  0.6
Armour         | |  0.2
Dodging        | |  2.1
Stealth        | |  1.5
Evocations     | |  0.3

Action                     || total
---------------------------++-------
  Melee: Short sword       ||     4
   Cast: Magic Dart        ||    60
         Searing Ray       ||     1
 Armour: Robe              ||     6
  Dodge: Dodged            ||     6
